 Dungeon Crawl Stone Soup version 0.26.1-11-gd32895ea62 (webtiles) character file.

Game seed: 1747349607089123588

78 Brewhammer the Chopper (level 4, -2/41 HPs)
             Began as a Hill Orc Monk on May 7, 2021.
             Slain by a gnoll
             ... wielding a +1 halberd of holy wrath
              (11 damage)
             ... on level 3 of the Dungeon.
             The game lasted 00:02:41 (1609 turns).

Brewhammer the Chopper (Hill Orc Monk)              Turns: 1609, Time: 00:02:41

Health: -2/41      AC: 11    Str: 14    XL:     4   Next: 36%
Magic:  4/4        EV:  4    Int: 10    God:
Gold:   94         SH:  0    Dex: 13    Spells: 3/3 levels left

rFire    . . .     SeeInvis .   a - +0 hand axe
rCold    . . .     Faith    .   (no shield)
rNeg     . . .     Spirit   .   d - +0 plate armour
rPois    .         Reflect  .   (no helmet)
rElec    .         Harm     .   l - +0 cloak
rCorr    +         Rampage  .   (no gloves)
Will     .....                  (no boots)
Stlth    ..........             i - amulet of inaccuracy (curse)
HPRegen  0.13/turn              j - ring of resist corrosion
MPRegen  0.09/turn              (no ring)

@: no status effects
A: no striking features
a: no special abilities


You were on level 3 of the Dungeon.
You visited 1 branch of the dungeon, and saw 3 of its levels.

You collected 94 gold pieces.

Inventory:

Hand Weapons
 a - a +0 hand axe (weapon)
Armour
 b - a +0 robe
 d - a +0 plate armour (worn)
 l - a +0 cloak (worn)
Jewellery
 i - a cursed amulet of inaccuracy (around neck)
 j - a ring of resist corrosion (left hand)
 m - a +6 ring of strength {unknown}
Scrolls
 e - a scroll of amnesia {unknown}
 f - 2 scrolls of fog {unknown}
 g - 2 scrolls of identify {unknown}
 k - 3 scrolls of teleportation {unknown}
 o - a scroll of blinking {unknown}
 p - a scroll of remove curse {unknown}
Potions
 c - 2 potions of might {unknown}
 h - a potion of curing {unknown}
 n - a potion of ambrosia {unknown}
 q - a potion of brilliance {unknown}


   Skills:
 + Level 4.5 Fighting
 * Level 5.9 Axes
 - Level 2.4 Dodging
 - Level 1.5 Stealth


You had 3 spell levels left.
You didn't know any spells.
Your spell library was empty.

Dungeon Overview and Level Annotations

Branches:
Dungeon (3/15)

Altars:


Message History

The hobgoblin is moderately wounded.
The gnoll hits you but does no damage.
You closely miss the hobgoblin.
The hobgoblin is moderately wounded.
The hobgoblin hits you but does no damage.
The gnoll hits you from afar with a +1 halberd of holy wrath.
* * * LOW HITPOINT WARNING * * *
You closely miss the hobgoblin.
The hobgoblin is moderately wounded.
The hobgoblin hits you but does no damage.
The gnoll hits you but does no damage.
You hit the hobgoblin.
The hobgoblin is severely wounded.
The hobgoblin hits you but does no damage.
The gnoll hits you but does no damage.
Your plate armour prevents you from hitting the hobgoblin.
The hobgoblin is heavily wounded.
The hobgoblin hits you but does no damage.
The gnoll hits you from afar with a +1 halberd of holy wrath!
You die...

#####################
#.gg@................
###'###################
#........# #........#
#...†)...# #.....g..#
#........# #....(.g.#
#.......g######


You could see a gnoll and a hobgoblin.

Vanquished Creatures
  A gnoll (D:3)
  An adder (D:2)
  2 oozes (D:2)
  A worm (D:2)
  6 dart slugs
  2 leopard geckos
  An orc (D:3)
  A giant cockroach (D:2)
  2 goblins
  3 hobgoblins
  2 jackals (D:1)
  7 bats
  3 frilled lizards (D:1)
  2 kobolds (D:1)
  5 rats
39 creatures vanquished.

Notes
Turn   | Place    | Note
-------+----------+-------------------------------------------
     0 | D:1      | Brewhammer the Hill Orc Monk began the quest for the Orb.
     0 | D:1      | Reached XP level 1. HP: 19/19 MP: 1/1
   141 | D:1      | Reached XP level 2. HP: 27/27 MP: 2/2
   477 | D:2      | Reached skill level 5 in Axes
   491 | D:2      | Reached XP level 3. HP: 29/33 MP: 3/3
  1076 | D:2      | Reached XP level 4. HP: 41/41 MP: 4/4
  1609 | D:3      | Slain by a gnoll

Illustrated notes

Levels and vault maps discovered:
D:1:      minmay_arrival_cross, layout_rooms
D:2:      layout_basic, kennysheep_generic_room_16
D:3:      layout_basic, hangedman_decor_clover_reticule,
          kennysheep_generic_room_4

Skill      XL: |  1  2 |
---------------+-------+-----
Fighting       | 4 |  4.5
Axes           | 5 |  5.9
Dodging        | |  2.4
Stealth        | |  1.5

Action                   |  1- 3 |  4- 6 || total
-------------------------+-------+-------++-------
Melee: Hand axe          |   123 |    49 ||   172
 Stab: Sleeping          |     1 |       ||     1
Armor: Plate armour      |   112 |    37 ||   149
       Robe              |     1 |       ||     1
Dodge: Dodged            |    27 |     7 ||    34
